AoeStats
← waLLefps.

Arena

504027984Analyzed
1v1 RM · 29d ago on Sep 3, 2026· 80m 32s· 2 players
Game mode
Random Map
Map size
Tiny (2 player)
Population
200
Speed
Normal
Resources
Standard
Victory
Conquest
Starting age
Dark Age
Ending age
Imperial Age
RankedLock teamsTeams togetherTeam positionsShared explorationLock speedFull tech treeHidden civsTurbo modeCheats
Victory
Defeat
🇹🇷 Spanish · Türkiye
1385
+19
🇦🇷 Lithuanians · Argentina
1451
-19
Sirius Black
7:18 Loom
10:06 Feudal Age
12:15 Double-Bit Axe
15:01 Castle Age
13:08 Horse Collar
16:12 Bow Saw
16:08 Heavy Plow
22:03 Wheelbarrow
22:46 Fletching
24:46 Hand Cart
25:54 Town Watch
26:05 Pikeman
26:45 Squires
26:31 Arson
26:08 Elite Skirmisher
26:45 Bodkin Arrow
27:04 Gold Mining
27:07 Stone Mining
27:39 Padded Archer Armor
27:57 Scale Mail Armor
31:28 Imperial Age
29:35 Ballistics
28:47 Man-at-Arms
29:49 Forging
30:42 Chain Mail Armor
31:17 Leather Archer Armor
31:20 Masonry
32:18 Iron Casting
33:11 Chemistry
32:15 Bracer
31:48 Halberdier
34:17 Ring Archer Armor
33:10 Crossbowman
34:34 Conscription
34:33 Town Patrol
35:47 Iron Casting
36:36 Tower Shields
38:59 Capped Ram
41:14 Architecture
42:42 Man-at-Arms
43:11 Crossbowman
43:35 Onager
46:36 Elite Leitis
63:32 Man-at-Arms
64:27 Long Swordsman
64:56 Long Swordsman
66:25 Scale Barding Armor
68:06 Bloodlines
67:57 Husbandry
68:12 Two-Handed Swordsman
69:17 Chain Barding Armor
68:20 Light Cavalry
69:14 Winged Hussar
70:36 Plate Barding Armor
waLLefps.
5:10 Loom
12:34 Feudal Age
17:22 Castle Age
15:09 Double-Bit Axe
15:14 Horse Collar
18:31 Bow Saw
18:22 Heavy Plow
20:32 Husbandry
20:33 Gold Mining
21:30 Wheelbarrow
28:24 Imperial Age
28:07 Bloodlines
27:59 Padded Archer Armor
29:23 Hand Cart
28:55 Town Watch
29:55 Conscription
31:20 Masonry
31:21 Fortified Wall
31:34 Ballistics
31:12 Stone Mining
33:37 Two-Man Saw
33:58 Chemistry
33:33 Leather Archer Armor
34:31 Hoardings
35:19 Architecture
34:40 Guard Tower
34:35 Arrowslits
34:58 Elite Conquistador
36:51 Ring Archer Armor
36:57 Sappers
38:06 Scale Barding Armor
37:52 Fletching
38:58 Supremacy
38:24 Light Cavalry
39:59 Chain Barding Armor
39:50 Forging
39:03 Hussar
40:41 Keep
43:44 Plate Barding Armor
46:35 Murder Holes
48:42 Iron Casting
48:04 Bodkin Arrow
50:57 Onager
60:47 Thumb Ring
73:11 Capped Ram
75:40 Blast Furnace
76:16 Siege Ram
Connection lost

Rejoining the realm…

Still unreachable

The connection could not be restored.

Session expired

The server has moved on; the page needs a fresh start.